 Dungeon Crawl Stone Soup version 0.31.0-32-g396128a36d (webtiles) character file.

Game seed: 15433870850990681379

208787 Murmeli the Severer (level 18, -17/142 (149) HPs)
             Began as a Demonspawn Fighter on Apr 22, 2024.
             Was the Champion of Makhleb.
             Demolished by Grunn
             ... wielding a +9 bardiche of draining
              (25 damage)
             ... on level 4 of the Depths.
             The game lasted 03:01:25 (20572 turns).

Murmeli the Severer (Demonspawn Fighter)           Turns: 20572, Time: 03:01:25

HP:   -17/142 (149) AC: 27    Str: 31    XL:     18   Next: 22%
MP:   0/30          EV: 17    Int: 19    God:    Makhleb [******]
Gold: 1779          SH: 15    Dex: 12    Spells: 17/17 levels left

rFire   . . .        h - +10 war axe "Dita Fei" {drain, ^Fragile Str+3 Int+4 SInv Stlth+}
rCold   . . .        Z - +5 kite shield of the Game of Kings {rPois Str-2 Dex+2}
rNeg    + . .        F - +10 ring mail "Suiwevabb" {*Slow Int+6 Dex-3 SInv}
rPois   +            O - +2 helmet
rElec   .            t - +2 cloak
rCorr   .            (gloves unavailable)
SInv    +            V - +2 pair of boots {rampage}
Will    +....        z - amulet of Miracles {Spirit +Blink Regen+}
Stlth   ++           q - ring of positive energy
HPRegen 1.23/turn    c - +6 ring of strength
MPRegen 0.22/turn

%: slow self (1%), guardian spirit, rampage
@: doom-hounded, on berserk cooldown, hasted and slowed, lightly drained
A: claws 3, repulsion field 2, ignite blood 3, demonic magic 3
a: Renounce Religion, Evoke Blink, Minor Destruction, Lesser Servant of Makhleb,
Major Destruction, Greater Servant of Makhleb


You were on level 4 of the Depths.
You worshipped Makhleb.
Makhleb was exalted by your worship.
You visited 6 branches of the dungeon, and saw 28 of its levels.
You visited the Abyss 1 time.
You also visited: Ossuary and Bailey.

You collected 3476 gold pieces.
You spent 1697 gold pieces at shops.

Inventory:

Hand Weapons
 h - the +10 war axe "Dita Fei" (weapon) {drain, ^Fragile Str+3 Int+4 SInv Stlth+}
   (You found it on level 2 of the Dungeon)

   Str+3:     It affects your strength (+3).
   Int+4:     It affects your intelligence (+4).
   SInv:      It lets you see invisible.
   ^Fragile:  It will be destroyed if unequipped.
   Stlth+:    It makes you more stealthy.
 J - the +8 lance "Wyrmbane" {slay drac, rPois rF+ rC+ AC+3}
   (You found it on level 4 of the Lair of Beasts)

   AC+3:      It affects your AC (+3).
   rF+:       It protects you from fire.
   rC+:       It protects you from cold.
   rPois:     It protects you from poison
Missiles
 W - 7 boomerangs (quivered)
Armour
 i - a +1 buckler of poison resistance
 t - a +2 cloak (worn)
 F - the +10 ring mail "Suiwevabb" (worn) {*Slow Int+6 Dex-3 SInv}
   (You bought it in a shop on level 4 of the Dungeon)

   Int+6:     It affects your intelligence (+6).
   Dex-3:     It affects your dexterity (-3).
   SInv:      It lets you see invisible.
   *Slow:     It may slow you when you take damage.
 O - a +2 helmet (worn)
 V - a +2 pair of boots of rampaging (worn)
 Z - the +5 kite shield of the Game of Kings (worn) {rPois Str-2 Dex+2}
   (You bought it in a shop on level 3 of the Depths)

   Str-2:     It affects your strength (-2).
   Dex+2:     It affects your dexterity (+2).
   rPois:     It protects you from poison
Jewellery
 a - a +6 ring of strength
 c - a +6 ring of strength (right claw)
 d - a ring of fire
 g - a ring of protection from cold
 q - a ring of positive energy (left claw)
 z - the amulet of Miracles (around neck) {Spirit +Blink Regen+}
   (You found it on level 4 of the Dungeon)

   [amulet of guardian spirit]

   Spirit:    It causes incoming damage to be divided between your reserves of
   health and magic.
   +Blink:    It lets you blink.
   Regen+:    It increases your rate of health regeneration.
 H - a ring of poison resistance
 R - a ring of positive energy
Wands
 o - a wand of quicksilver (10)
 w - a wand of flame (18)
 B - a wand of digging (16)
 S - a wand of polymorph (5)
 T - a wand of roots (12)
 U - a wand of mindburst (5)
Scrolls
 m - a scroll of revelation
 p - 3 scrolls of fog
 u - a scroll of silence
 x - 14 scrolls of teleportation
 A - 4 scrolls of enchant weapon
 D - a scroll of amnesia
 E - 3 scrolls of fear
 G - 4 scrolls of enchant armour
 I - 11 scrolls of identify
 K - a scroll of brand weapon
 M - a scroll of poison
Potions
 b - 5 potions of invisibility
 e - a potion of ambrosia
 f - 4 potions of magic
 k - 4 potions of lignification
 l - a potion of attraction
 n - 8 potions of curing
 r - 6 potions of enlightenment
 s - 11 potions of brilliance
 L - 4 potions of cancellation
Miscellaneous
 y - a phial of floods
 Q - a tin of tremorstones (2/2)


   Skills:
 + Level 15.2 Fighting
 + Level 17.9 Axes
 + Level 8.2 Throwing
 + Level 10.3 Armour
 + Level 9.5 Dodging
 - Level 3.0 Stealth
 + Level 9.2 Shields
 + Level 16.8 Invocations
 + Level 3.1 Evocations


You had 17 spell levels left.
You didn't know any spells.
Your spell library contained the following spells:

 Spells                   Type           Power      Damage    Failure   Level
 Kiss of Death            Conj/Necr      0%         2d5       41%         1
 Magic Dart               Conj           0%         1d3       41%         1
 Blink                    Tloc           0%         N/A       54%         2
 Call Imp                 Summ           0%         N/A       54%         2
 Jinxbite                 Hex            0%         N/A       54%         2
 Lesser Beckoning         Tloc           0%         N/A       54%         2
 Momentum Strike          Conj/Tloc      0%         3d8       54%         2
 Confusing Touch          Hex            0%         N/A       78%         3
 Summon Ice Beast         Ice/Summ       0%         N/A       78%         3
 Anguish                  Hex/Necr       0%         N/A       99%         4
 Cause Fear               Hex            0%         N/A       99%         4
 Dispel Undead            Necr           0%         3d6       99%         4
 Leda's Liquefaction      Alch/Erth      0%         N/A       99%         4
 Olgreb's Toxic Radiance  Alch           0%         N/A       99%         4
 Fireball                 Conj/Fire      0%         3d3       100%        5
 Lee's Rapid Deconstruct  Erth           0%         3d4*      100%        5
 Summon Mana Viper        Hex/Summ       0%         N/A       100%        5
 Yara's Violent Unravell  Hex/Alch       0%         3d3       100%        5
 Bombard                  Conj/Erth      0%         9d1       100%        6
 Enfeeble                 Hex            0%         N/A       100%        7
 Monstrous Menagerie      Summ           0%         N/A       100%        7
 Ozocubu's Refrigeration  Ice            0%         4d7       100%        7
 Discord                  Hex            0%         N/A       100%        8
 Dragon's Call            Summ           0%         N/A       100%        9


Dungeon Overview and Level Annotations

Branches:
Dungeon (15/15)            Temple (1/1) D:4            Lair (5/5) D:8
 Shoals (0/4) Lair:3        Snake (0/4) Lair:3        Slime (0/5) Lair:4
    Orc (2/2) D:10            Elf (1/3) Orc:2        Vaults (0/5) D:13
 Depths (4/4) D:15        Ossuary (visited)          Bailey (visited)
    Zot: Depths:4

Altars:
Ashenzari
Cheibriados
Dithmenos
Fedhas
Gozag
Hepliaklqana
Kikubaaqudgha
Makhleb
Nemelex Xobeh
Okawaru
Qazlal
Ru
Sif Muna
Trog
Uskayaw
Vehumet
Wu Jian
Xom
Yredelemnul

Shops:
D:3 (   D:4 *   D:12 :   D:13 [   Orc:2 ?(!*   Depths:3 *   Depths:4 (

Portals:
Hell: Depths:1 Depths:2 Depths:3
Abyss: Depths:1 Depths:3
Pandemonium: Depths:2 Depths:3
Ziggurat: Depths:1

Annotations:
Depths:4 Grunn


Innate Abilities, Weirdness & Mutations

You have claws for hands.
You are surrounded by a moderate repulsion field. (EV +3)
Your demonic aura causes all spilled blood to erupt in flames.
Spells you cast and wands you use may paralyse nearby enemies.


Message History

The pyre arrow hits the Tzitzimitl.
Your balrug gestures at the Tzitzimitl.
The pyre arrow hits the Tzitzimitl.
You feel much better.
The Tzitzimitl burns!
Your balrug hits the Tzitzimitl with a +0 demon whip.
The Tzitzimitl is engulfed in flames!
The Tzitzimitl calls on the powers of darkness!
Your body is wracked with pain!
* * * LOW HITPOINT WARNING * * *
The tengu warrior convulses!
Grunn barely misses you.
Your balrug hits the Tzitzimitl with a +0 demon whip!
The Tzitzimitl is engulfed in flames!!
You feel yourself speed up.
The Tzitzimitl burns! x2
The Tzitzimitl engulfs you but does no damage.
The Tzitzimitl bites you!
* * * LOW HITPOINT WARNING * * *
Grunn hits you from afar with a +9 bardiche of draining!!
* * * LOW HITPOINT WARNING * * *
You partially resist.
You feel drained.
* * * LOW HITPOINT WARNING * * *
Your balrug gestures at the Tzitzimitl.
The bolt of fire hits the Tzitzimitl!!
The Tzitzimitl dies!
Makhleb accepts your kill.
The bolt of fire hits Grunn!!!
The bolt of fire hits the doom hound!!
The doom hound unleashes a terrible howl, and it begins to echo in your mind!
You feel much better.
Your balrug gestures at Grunn.
Grunn is smitten.
Grunn hits you from afar with a +9 bardiche of draining!
* * * LOW HITPOINT WARNING * * *
You partially resist.
You feel drained.
* * * LOW HITPOINT WARNING * * *
Your balrug gestures at Grunn.
The pyre arrow hits Grunn.
The air fills with toxic fumes!
As you read the scroll of poison, it crumbles to dust.
Grunn burns!
Grunn hits you from afar with a +9 bardiche of draining!!
You die...

########
#######......####
##§§§....####....#
##○§####### ####..
#2@## ... #...
#§#####.... #....
#g##..hg.Q8 #.8..
#h#..# #...#
#Q..## #.###.
##### ## # .


You could see Grunn (burning, ally target), a doom hound, a tengu conjurer and a
friendly balrug (summoned).

Vanquished Creatures
  Bai Suzhen (Depths:1)
  Saint Roka (Depths:1)
  Margery (Depths:1)
  2 bone dragons (Depths:4)
  Nikola (Depths:1)
  A doom hound (Depths:4)
  A hellephant (Depths:1)
  Rupert (D:13)
  A sphinx (Depths:2)
  A shadow dragon (Depths:1)
  3 frost giants
  8 fire giants
  2 orc warlords
  A spriggan defender (Depths:2)
  2 vampire knights
  10 very ugly things
  9 stone giants
  A deep elf death mage (Depths:1)
  The ghost of Jinxx the Nimble, a journeyman DjIE of Qazlal (Lair:1)
  A blizzard demon (Depths:4)
  2 spark wasps (Depths:2)
  A fire dragon (Depths:3)
  19 ettins
  A yaktaur captain (D:13)
  Harold (Orc:1)
  5 ice dragons
  Erolcha (D:13)
  4 spriggan air magi
  7 hydras
  8 catoblepae
  2 rakshasas (Depths:2)
  5 boulder beetles
  3 two-headed ogres
  2 centaur warriors
  A dancing weapon (Elf:1)
  6 deep troll shamans
  7 tengu warriors
  11 deep troll earth magi
  13 death yaks
  2 spriggan berserkers (Depths:1)
  6 orc high priests
  3 occultists (Depths:3)
  3 hell knights (Depths:1)
  A deep elf knight (Elf:1)
  Amaemon (Lair:1)
  A salamander mystic (Depths:3)
  3 skysharks
  7 iron trolls
  23 deep trolls
  A glowing orange brain (Depths:2)
  A glowing orange brain (shapeshifter) (Depths:3)
  11 orc knights
  3 deep elf zephyrmancers (Elf:1)
  An oklob plant (Lair:4)
  4 large abominations (Depths:3)
  A wolf spider (shapeshifter) (Depths:3)
  2 deep elf pyromancers (Elf:1)
  7 orc sorcerers
  A salamander (Depths:3)
  16 ugly things
  6 manticores
  3 cyclopes
  3 meliai (D:12)
  4 black mambas
  4 kobold blastminers
  7 elephants
  3 gargoyles
  A rust devil (Depths:3)
  An orange demon (Lair:1)
  An unseen horror (D:10)
  12 cane toads
  5 komodo dragons
  A kobold demonologist (D:12)
  2 tengu conjurers (Depths:2)
  An efreet (D:13)
  A polar bear (Lair:1)
  A queen bee (shapeshifter) (D:14)
  9 trolls
  2 wolf spider simulacra (D:14)
  A tarantella (shapeshifter) (Depths:3)
  7 blink frogs (Lair:4)
  4 hornets
  2 dream sheep (Lair:3)
  3 centaur simulacra (D:14)
  69 yaks
  3 shadows
  3 spriggans
  3 wyverns
  5 water elementals (Depths:2)
  14 slime creatures
  2 basilisks
  2 wargs (Orc:1)
  2 steam dragons
  4 humans (D:6)
  A redback (shapeshifter) (Depths:3)
  2 vampire mosquitoes (D:13)
  2 acid dragons
  8 water moccasins
  An ice beast (D:5)
  A black bear (Lair:1)
  18 orc warriors
  A sky beast (D:6)
  2 boggarts (D:14)
  10 wolves
  6 ogres
  6 centaurs
  2 phantoms
  A kobold brigand (D:7)
  Blork the orc (D:6)
  16 bullfrogs
  A gnoll sergeant (D:8)
  A scorpion (D:5)
  5 water moccasin zombies (Ossuary)
  A burial acolyte (Ossuary)
  4 wights (D:8)
  9 killer bees
  2 bombardier beetles
  2 electric eels
  A howler monkey (D:4)
  3 hounds
  20 orc priests
  Crazy Yiuf (D:6)
  3 jellies
  3 gnoll boudas
  2 iguanas (D:5)
  Natasha (thrice) (D:4)
  30 orc wizards
  3 bullfrog simulacra (Ossuary)
  A boggart simulacrum (D:14)
  3 mummies
  20 gnolls
  9 adders
  A shadow imp (D:4)
  4 white imps (D:14)
  2 ufetubi (D:14)
  An adder zombie (Ossuary)
  4 dart slugs
  3 ribbon worms (D:2)
  83 orcs
  9 endoplasms
  2 giant cockroaches
  7 goblins
  14 hobgoblins
  A jackal (D:4)
  10 quokkas
  6 ball pythons
  6 bats
  4 frilled lizards
  10 gnoll zombies (Ossuary)
  4 jackal zombies (Ossuary)
  19 kobolds
  6 orc zombies (Ossuary)
  6 rats
844 creatures vanquished.

Vanquished Creatures (collateral kills)
  A juggernaut (Depths:2)
  A Tzitzimitl (Depths:4)
  A walking earthen tome (Depths:4)
  A frost giant (Depths:2)
  A fire giant (Depths:3)
  A balrug (Depths:3)
  Louise (D:15)
  2 ettins (Depths:2)
  A salamander tyrant (Depths:3)
  A tengu warrior (Depths:2)
  A deep troll earth mage (Depths:1)
  An occultist (Depths:3)
  An iron troll (Depths:4)
  A deep troll (Depths:2)
  An orc knight (Depths:1)
  2 ugly things (Depths:2)
  2 salamanders (Depths:3)
  2 water elementals
  A ynoxinul (Depths:3)
  An orc priest (Depths:1)
24 creatures vanquished.

Vanquished Creatures (others)
  An occultist (Depths:2)
  A boggart (D:14)
  An orc wizard (Orc:2)
3 creatures vanquished.

Grand Total: 871 creatures vanquished

Notes
Turn   | Place    | Note
-------+----------+-------------------------------------------
     0 | D:1      | Murmeli the Demonspawn Fighter began the quest for the Orb.
     0 | D:1      | Reached XP level 1. HP: 18/18 MP: 1/1
    98 | D:1      | Gained mutation: Spells you cast may paralyse adjacent
                  | enemies. [demonic ancestry]
    98 | D:1      | Reached XP level 2. HP: 18/24 MP: 2/2
   105 | D:1      | Reached skill level 2 in Axes
   409 | D:2      | Reached XP level 3. HP: 21/29 MP: 3/3
   575 | D:2      | Reached skill level 3 in Axes
   579 | D:2      | Identified the +10 war axe "Dita Fei" {drain, ^Fragile
                  | Str+3 Int+4 SInv Stlth+}
   861 | D:2      | Reached XP level 4. HP: 35/35 MP: 4/4
  1369 | D:3      | Found Gisheil's Antique Weapon Shop.
  1618 | D:4      | Found a large runed translucent door.
  1635 | D:4      | Reached skill level 1 in Dodging
  1637 | D:4      | Reached skill level 1 in Throwing
  1637 | D:4      | Gained mutation: Spells you cast may paralyse nearby
                  | enemies. [demonic ancestry]
  1637 | D:4      | Reached XP level 5. HP: 41/41 MP: 5/5
  1677 | D:4      | Found a radiant altar of Vehumet.
  1682 | D:4      | Noticed Natasha
  1686 | D:4      | Killed Natasha
  1687 | D:4      | Reached skill level 4 in Axes
  1776 | D:4      | Gained mutation: Your demonic aura sometimes causes spilled
                  | blood to erupt in flames. [demonic ancestry]
  1776 | D:4      | Reached XP level 6. HP: 39/47 MP: 6/6
  1824 | D:4      | Found a large runed translucent door.
  1826 | D:4      | Found a large runed translucent door.
  1888 | D:4      | Noticed Natasha
  1897 | D:4      | Killed Natasha
  1917 | D:4      | Noticed a steam dragon
  1922 | D:4      | Killed a steam dragon
  1923 | D:4      | Reached skill level 5 in Axes
  1923 | D:4      | Gained mutation: You are surrounded by a mild repulsion
                  | field. (EV +2) [demonic ancestry]
  1923 | D:4      | Reached XP level 7. HP: 50/53 MP: 7/7
  1961 | D:4      | Found a large runed translucent door.
  1966 | D:4      | Identified the amulet of Miracles {Spirit +Blink Regen+}
  2123 | D:4      | Found a staircase to the Ecumenical Temple.
  2132 | D:4      | Noticed Natasha
  2133 | D:4      | Killed Natasha
  2165 | Temple   | Entered the Ecumenical Temple
  2183 | Temple   | Became a worshipper of Makhleb the Destroyer
  2264 | D:4      | Found Ogil's Assorted Antiques.
  2269 | D:4      | Bought a scroll labelled APAROA FISO for 18 gold pieces
  2269 | D:4      | Bought a jewelled ring mail for 162 gold pieces
  2269 | D:4      | Identified the +10 ring mail "Suiwevabb" {*Slow Int+6 Dex-3
                  | SInv} (You bought it in a shop on level 4 of the Dungeon)
  2325 | D:5      | Entered Level 5 of the Dungeon
  2384 | D:5      | Reached skill level 6 in Axes
  2426 | D:5      | Gained mutation: You have sharp fingernails. [demonic
                  | ancestry]
  2426 | D:5      | Reached XP level 8. HP: 44/60 MP: 4/8
  2814 | D:6      | Found a sand-covered staircase.
  2823 | Ossuary  | Entered an ossuary
  2842 | Ossuary  | Reached * piety under Makhleb
  2952 | Ossuary  | Reached skill level 7 in Axes
  3155 | D:6      | Reached skill level 8 in Axes
  3155 | D:6      | Gained mutation: You have very sharp fingernails. [demonic
                  | ancestry]
  3155 | D:6      | Reached XP level 9. HP: 67/67 MP: 9/9
  3167 | D:6      | Reached ** piety under Makhleb
  3300 | D:6      | Reached skill level 5 in Fighting
  3496 | D:6      | Found a runed translucent door.
  3497 | D:6      | Noticed Crazy Yiuf
  3502 | D:6      | Killed Crazy Yiuf
  3553 | D:6      | Noticed Blork the orc
  3562 | D:6      | Killed Blork the orc
  3806 | D:7      | Reached skill level 5 in Throwing
  4089 | D:7      | Reached skill level 1 in Stealth
  4165 | D:7      | Found a sparkling altar of Nemelex Xobeh.
  4218 | D:7      | Reached skill level 5 in Armour
  4262 | D:7      | Found a sacrificial altar of Ru.
  4262 | D:7      | Found an iron altar of Okawaru.
  4264 | D:7      | Found a shimmering blue altar of Sif Muna.
  4485 | D:8      | Reached skill level 9 in Axes
  4996 | D:8      | Found a staircase to the Lair.
  5209 | D:8      | Reached *** piety under Makhleb
  5470 | Lair:1   | Entered Level 1 of the Lair of Beasts
  5522 | Lair:1   | Noticed a polar bear
  5532 | Lair:1   | Killed a polar bear
  5533 | Lair:1   | Reached XP level 10. HP: 75/76 MP: 8/10
  5598 | Lair:1   | Found a runed translucent door.
  5640 | Lair:1   | Noticed a cane toad
  5648 | Lair:1   | Killed a cane toad
  5650 | Lair:1   | Reached skill level 10 in Axes
  5829 | Lair:1   | Noticed a cane toad
  5844 | Lair:1   | Killed a cane toad
  5875 | Lair:1   | Noticed a black mamba
  5880 | Lair:1   | Killed a black mamba
  5900 | Lair:1   | Noticed Amaemon
  5900 | Lair:1   | Noticed an orange demon
  5910 | Lair:1   | Killed Amaemon
  5911 | Lair:1   | Reached XP level 11. HP: 83/83 MP: 8/11
  5915 | Lair:1   | Reached skill level 11 in Axes
  5943 | Lair:1   | Noticed a four-headed hydra
  5954 | Lair:1   | Killed a six-headed hydra
  6107 | Lair:1   | Noticed Jinxx's ghost (journeyman DjIE)
  6127 | Lair:1   | Reached skill level 1 in Evocations
  6302 | Lair:1   | Killed Jinxx's ghost
  6401 | Lair:2   | Reached **** piety under Makhleb
  6465 | Lair:2   | Noticed a six-headed hydra
  6478 | Lair:2   | Killed a six-headed hydra
  6479 | Lair:2   | Reached skill level 12 in Axes
  6714 | Lair:2   | Noticed a death yak
  6714 | Lair:2   | Noticed a death yak
  6730 | Lair:2   | Killed a death yak
  6731 | Lair:2   | Noticed a death yak
  6739 | Lair:2   | Killed a death yak
  6751 | Lair:2   | Killed a death yak
  6815 | Lair:2   | Gained mutation: Spells you cast and wands you use may
                  | paralyse nearby enemies. [demonic ancestry]
  6815 | Lair:2   | Reached XP level 12. HP: 92/92 MP: 10/12
  6997 | Lair:3   | Noticed a six-headed hydra
  7006 | Lair:3   | Killed a seven-headed hydra
  7007 | Lair:3   | Reached skill level 1 in Invocations
  7053 | Lair:3   | Noticed a four-headed hydra
  7063 | Lair:3   | Found a staircase to the Shoals.
  7278 | Lair:3   | Reached skill level 5 in Shields
  7333 | Lair:3   | Found a staircase to the Snake Pit.
  7547 | Lair:3   | Noticed a catoblepas
  7556 | Lair:3   | Killed a catoblepas
  7571 | Lair:3   | Killed a seven-headed hydra
  7619 | Lair:3   | Reached skill level 13 in Axes
  7772 | Lair:4   | Found the +8 lance "Wyrmbane" {slay drac, rPois rF+ rC+
                  | AC+3}
  7934 | Lair:4   | Reached ***** piety under Makhleb
  8039 | Lair:4   | Found a staircase to the Slime Pits.
  8185 | Lair:4   | Found a blossoming altar of Fedhas.
  8358 | Lair:5   | Entered Level 5 of the Lair of Beasts
  8372 | Lair:5   | Reached skill level 14 in Axes
  8379 | Lair:5   | Gained mutation: Your demonic aura often causes spilled
                  | blood to erupt in flames. [demonic ancestry]
  8379 | Lair:5   | Reached XP level 13. HP: 101/101 MP: 15/15
  8660 | Lair:5   | Reached skill level 5 in Invocations
  8807 | Lair:5   | Got an earthy gem with 443 turns to spare
  8843 | Lair:5   | Reached skill level 5 in Dodging
  8855 | Lair:5   | Identified the +3 ring mail of a Gauntlet {Regen+}
  8872 | Lair:5   | Reached skill level 10 in Fighting
  8927 | Lair:5   | Identified the +2 pair of boots of the Villain {-Tele rElec
                  | Will+++ Dex-4}
 10035 | D:10     | Entered Level 10 of the Dungeon
 10106 | D:10     | Found a staircase to the Orcish Mines.
 10244 | D:10     | Found a flagged portal.
 10264 | Bailey   | Entered a bailey
 10308 | Bailey   | Reached ****** piety under Makhleb
 10804 | Orc:1    | Entered Level 1 of the Orcish Mines
 10934 | Orc:2    | Entered Level 2 of the Orcish Mines
 10940 | Orc:2    | Reached skill level 15 in Axes
 10947 | Orc:2    | Reached XP level 14. HP: 111/111 MP: 20/20
 10985 | Orc:2    | Found a radiant altar of Vehumet.
 11177 | Orc:2    | Found Wiryghaf's Magic Scroll Emporium.
 11342 | Orc:2    | Reached skill level 10 in Invocations
 11348 | Orc:2    | Found a staircase to the Elven Halls.
 11483 | Orc:2    | Found Furr's Weapon Emporium.
 11521 | Orc:2    | Found Xaw Gisch's Assorted Antiques.
 11546 | Orc:2    | Bought a scroll of identify for 56 gold pieces
 11546 | Orc:2    | Bought a potion of might for 112 gold pieces
 11546 | Orc:2    | Bought a scroll labelled HOVVEN ZIVAA for 28 gold pieces
 11546 | Orc:2    | Found Kywn's Distillery.
 11554 | Orc:2    | Bought a potion of curing for 42 gold pieces
 11554 | Orc:2    | Bought a potion of haste for 140 gold pieces
 11554 | Orc:2    | Bought a potion of heal wounds for 70 gold pieces
 11556 | Orc:2    | Bought a scroll of identify for 26 gold pieces
 11556 | Orc:2    | Bought a scroll of identify for 26 gold pieces
 11556 | Orc:2    | Bought a scroll of identify for 26 gold pieces
 11722 | Orc:2    | Noticed an orc warlord
 11745 | Orc:2    | Killed an orc warlord
 11839 | Elf:1    | Entered Level 1 of the Elven Halls
 12001 | Orc:1    | Noticed Harold
 12018 | Orc:1    | Killed Harold
 12035 | Orc:1    | Noticed an orc warlord
 12059 | Orc:1    | Killed an orc warlord
 13260 | D:12     | Reached skill level 16 in Axes
 13471 | D:12     | Found Kaduq's Book Boutique.
 13786 | D:13     | Found a gate leading to a gauntlet.
 13812 | D:13     | Found Qitogab's Antique Armour Shop.
 13879 | D:13     | Noticed Rupert
 13888 | D:13     | Killed Rupert
 13889 | D:13     | Gained mutation: You have claws for hands. [demonic
                  | ancestry]
 13889 | D:13     | Reached XP level 15. HP: 101/119 MP: 19/23
 13949 | D:13     | Found a gate to the Vaults.
 14017 | D:13     | Noticed Erolcha
 14022 | D:13     | Killed Erolcha
 14436 | D:14     | Found a snail-covered altar of Cheibriados.
 15124 | D:14     | Found a transporter.
 15131 | D:14     | Found a transporter.
 15306 | D:15     | Entered Level 15 of the Dungeon
 15804 | D:15     | Found a staircase to the Depths.
 15804 | D:15     | Noticed a frost giant
 15814 | D:15     | Killed a frost giant
 15890 | D:15     | Noticed Louise
 15910 | D:15     | Killed Louise
 16375 | Depths:1 | Entered Level 1 of the Depths
 16375 | Depths:1 | Noticed Saint Roka
 16381 | Depths:1 | Noticed Bai Suzhen
 16414 | Depths:1 | Killed Bai Suzhen
 16475 | Depths:1 | Killed Saint Roka
 16661 | Depths:1 | Reached XP level 16. HP: 129/129 MP: 24/26
 16916 | Depths:1 | Found a one-way gateway to a ziggurat.
 16921 | Depths:1 | Noticed Margery
 16930 | Depths:1 | Noticed a hellephant
 16939 | Depths:1 | Killed Margery
 17137 | Depths:1 | Killed the ghostly Margery
 17140 | Depths:1 | HP: 6/122 [deep elf death mage/bolt of negative
                  | energy[Margery] (18)]
 17148 | Depths:1 | Noticed a shadow dragon
 17153 | Depths:1 | Found a gateway to Hell.
 17328 | Depths:1 | Identified the +0 pair of gloves of the Taurataur {Dex+6}
 17328 | Depths:1 | Noticed Nikola
 17346 | Depths:1 | Killed Nikola
 17418 | Depths:1 | Killed a hellephant
 17540 | Depths:1 | Reached skill level 17 in Axes
 17624 | Depths:1 | Found a one-way gate to the infinite horrors of the Abyss.
 17672 | Depths:1 | Killed a shadow dragon
 18180 | Depths:2 | Reached skill level 15 in Invocations
 18272 | Depths:2 | Found a one-way gate leading to the halls of Pandemonium.
 18301 | Depths:2 | Noticed a sphinx
 18315 | Depths:2 | Killed a sphinx
 18316 | Depths:2 | Gained mutation: Your demonic aura causes all spilled blood
                  | to erupt in flames. [demonic ancestry]
 18316 | Depths:2 | Reached XP level 17. HP: 123/139 MP: 13/28
 18582 | Depths:2 | Identified the +9 lajatang of the Evening {venom, rN+ Will-
                  | Str+3 Dex+5}
 18589 | Depths:2 | Noticed a juggernaut
 18622 | Depths:2 | Killed a juggernaut
 19031 | Depths:2 | Reached skill level 10 in Armour
 19421 | Depths:3 | Found Maocuxor's Assorted Antiques.
 19444 | Depths:3 | Bought an emerald ring for 155 gold pieces
 19444 | Depths:3 | Bought 2 potions of berserk rage for 310 gold pieces
 19444 | Depths:3 | Bought a bloodstained kite shield for 294 gold pieces
 19444 | Depths:3 | Identified the +5 kite shield of the Game of Kings {rPois
                  | Str-2 Dex+2} (You bought it in a shop on level 3 of the
                  | Depths)
 19444 | Depths:3 | Bought a scroll of blinking for 232 gold pieces
 20059 | Depths:3 | Reached skill level 15 in Fighting
 20109 | Abyss:3  | Cast into level 3 of the Abyss (an occultist)
 20133 | Depths:3 | Escaped the Abyss
 20276 | Depths:3 | Gained mutation: You are surrounded by a moderate repulsion
                  | field. (EV +3) [demonic ancestry]
 20276 | Depths:3 | Reached XP level 18. HP: 149/149 MP: 30/30
 20299 | Depths:4 | Entered Level 4 of the Depths
 20401 | Depths:4 | Noticed a walking earthen tome
 20410 | Depths:4 | Killed a walking earthen tome
 20429 | Depths:4 | Found Sidd's Weapon Shop.
 20530 | Depths:4 | Noticed a doom hound
 20531 | Depths:4 | Noticed a doom hound
 20532 | Depths:4 | Noticed Grunn
 20544 | Depths:4 | Noticed a bone dragon
 20550 | Depths:4 | Noticed a bone dragon
 20556 | Depths:4 | Killed a doom hound
 20561 | Depths:4 | Noticed a Tzitzimitl
 20562 | Depths:4 | Killed a bone dragon
 20564 | Depths:4 | HP: 4/216 [Grunn/+9 bardiche of draining (9)]
 20566 | Depths:4 | Killed a bone dragon
 20570 | Depths:4 | HP: 3/145 [Grunn/+9 bardiche of draining (22)]
 20570 | Depths:4 | Killed a Tzitzimitl
 20572 | Depths:4 | Demolished by Grunn

Illustrated notes

Levels and vault maps discovered:
D:1:      dpeg_arrival_long_road, layout_rooms
D:2:      layout_rooms, minmay_misc_feat_enclosed, hangedman_glass_teeth
D:3:      layout_basic, serial_shops, shop
D:4:      layout_basic, vehumet_altar_wand_db, minmay_temple_entry_crystal_x,
          serial_shops, nicolae_shop_pleasant_corner_grove,
          minmay_hollow_rounded_squares, uniq_natasha
D:5:      layout_cave_pools
D:6:      layout_loops_corners, gup_ossuary_entry_pyramid,
          minmay_misc_feat_hallway, minmay_ruffians, uniq_blork_the_orc,
          uniq_crazy_yiuf_cottage
D:7:      layout_basic, minitemple, minmay_microvault
D:8:      layout_rooms, nicolae_elyvilon_temple_path, dpeg_oklobed_lair,
          serial_co_window_serial, co_window_of_opportunity_a,
          co_window_corner_a, co_window_cross_1, co_window_paths_a,
          co_window_corner_a, co_window_broadway_c, co_window_broadway_b,
          co_window_of_opportunity_c, co_window_corner_b, co_window_corner_b,
          co_window_unsneaky_path_d, co_window_unsneaky_path_c, glass_columns_c,
          serial_library_hellmonk_hallway_b
D:9:      layout_cave_pods
D:10:     layout_roguey, orc_0_dummy, enter_bailey_1
D:11:     layout_long_grid
D:12:     layout_long_grid, serial_shops, shop, kennysheep_small_circle
D:13:     layout_loops_ring, hellmonk_vaults_attempted_burglary,
          gauntlet_entry_generic, serial_shops, nicolae_shop_peninsula,
          uniq_erolcha, uniq_rupert
D:14:     gammafunk_boulding_lane, layout_layer_cave, serial_ice, serial_ice_n,
          serial_ice_e, serial_ice_g, serial_ice_b, serial_ice_o, serial_ice_i,
          serial_ice_m, cheibriados_altar_2
D:15:     grunt_enter_depths_snipers, layout_layer_cave, uniq_louise
Temple:   nicolae_temple_superstar
Lair:1:   layout_regular_city, hellmonk_ghost_happy_afterlife,
          gammafunk_lair_bear_cave, grunt_megastairs_5, uniq_amaemon
Lair:2:   layout_gridlike
Lair:3:   layout_hall_layers, shoals_dummy_entry, dummy_snake_entry,
          dreamdust_gnoll_shepherd, grunt_megastairs_4,
          infiniplex_staircase_pool_2
Lair:4:   layout_long_grid, dpeg_slime_entry_corner, tgw_fedhas,
          infiniplex_staircase_pool
Lair:5:   evilmike_catoblepas_cave, layout_regular_city
Orc:1:    layout_caves, basic_altar, uniq_harold
Orc:2:    st_orc_elflike, layout_diamond_mine, basic_altar,
          lightli_church_of_beogh
Elf:1:    eino_elf_arrival_the_gate, layout_loops_cross
Depths:1: layout_basic, enter_ziggurat_e, grunt_metal_band, abyss_entry,
          serial_bayou_pond_a, nicolae_the_louvre, uniq_nikola, uniq_bai_suzhen,
          uniq_saint_roka
Depths:2: giant_chief_lemuel, layout_cave_pools, hell_entry, pan_entry,
          minmay_misc_feat_five, minmay_librarian
Depths:3: dreamdust_experimentation, layout_cave_pools, minmay_misc_feat_square,
          abyss_entry, serial_shops, nicolae_shop_overgrown_old_shop,
          hell_entry, rand_demon_pan_entry_8, hangedman_abyss_or_decor_slice,
          nicolae_danse_macabre
Depths:4: evilmike_zot_entry_hall, layout_cave_pools,
          nicolae_twisty_statue_hallways, hangedman_coc_ice_floe, serial_shops,
          shop, grunt_potential, serial_bayou_shore_b, uniq_jory, uniq_grunn,
          uniq_josephina, uniq_enchantress

Skill      XL: |  1  2  3  4  5  6  7  8  9 10 11 12 13 14 15 16 17 18 |
---------------+-------------------------------------------------------+-----
Axes           | 2 3 4 5 6 8 9 10 12 14 15 16 17 | 17.9
Shields        | 3 4 5 6 7 8 9 |  9.2
Armour         | 3 4 5 6 7 8 9 10 | 10.3
Dodging        | 1 2 3 4 5 6 7 8 9 |  9.5
Throwing       | 1 2 3 4 5 6 7 8 |  8.2
Fighting       | 4 5 6 8 9 10 11 12 14 15 | 15.2
Stealth        | 1 2 3 |  3.0
Evocations     | 2 3 |  3.1
Invocations    | 3 9 11 14 15 16 | 16.8

Action                     |  1- 3 |  4- 6 |  7- 9 | 10-12 | 13-15 | 16-18 || total
---------------------------+-------+-------+-------+-------+-------+-------++-------
  Melee: War axe           |    99 |    67 |   257 |   372 |   907 |   632 ||  2334
  Throw: Boomerang         |     4 |    55 |    89 |       |     9 |    81 ||   238
         Throwing net      |       |       |       |     1 |     1 |       ||     2
         Dart              |       |       |       |     8 |       |       ||     8
         Javelin           |       |       |       |       |     7 |       ||     7
 Invoke: Minor Destruction |       |       |       |    13 |   112 |     2 ||   127
         Major Destruction |       |       |       |       |    33 |    14 ||    47
         Greater Servant o |       |       |       |       |     2 |     9 ||    11
         Lesser Servant of |       |       |       |       |     2 |     1 ||     3
Ability: Evoke Blink       |       |       |       |       |     1 |       ||     1
  Evoke: Wand              |       |       |       |    20 |    10 |       ||    30
    Use: Scroll            |       |       |    19 |     4 |     5 |     9 ||    37
         Potion            |       |       |       |     3 |    15 |    20 ||    38
   Stab: Sleeping          |       |       |     1 |     2 |    18 |     1 ||    22
         Held in net/web   |       |       |       |     1 |       |       ||     1
         Petrified         |       |       |       |       |       |     6 ||     6
         Petrifying        |       |       |       |       |       |     2 ||     2
         Distracted        |       |       |       |       |       |     2 ||     2
 Armour: Scale mail        |    67 |    50 |     7 |       |       |       ||   124
         Ring mail         |       |       |   103 |   237 |   587 |   450 ||  1377
  Dodge: Dodged            |    47 |    18 |    93 |   159 |   437 |   261 ||  1015
  Block: Buckler           |    24 |    13 |    34 |    61 |   146 |    71 ||   349
         Kite shield       |       |       |       |       |       |   159 ||   159
